 Dungeon Crawl Stone Soup version 0.29-a0-690-g32ab5fea29 (webtiles) character file.

Game seed: 4143817676551522465

73081 PentaManta the Spry (level 15, -7/83 HPs)
             Began as a Spriggan Hunter on June 25, 2022.
             Was an Initiate of Gozag.
             Mangled by Saint Roka the ghost moth (8 damage)
             ... on level 1 of the Orcish Mines.
             The game lasted 00:44:14 (20055 turns).

PentaManta the Spry (Spriggan Hunter)              Turns: 20055, Time: 00:44:15

Health: -7/83      AC:  8    Str:  6 (7)  XL:     15   Next: 3%
Magic:  8/26       EV: 41    Int: 15 (16) God:    Gozag
Gold:   5418       SH:  0    Dex: 24 (26) Spells: 4/14 levels left

rFire   . . .      SeeInvis +   a - +9 shortbow (freeze)
rCold   + . .      Faith    .   (shield currently unavailable)
rNeg    . . .      Spirit   .   M - +1 robe {rC+}
rPois   +          Reflect  .   s - +3 hat of Pondering {ponderous, Will+ MP+10 Int+5}
rElec   .          Harm     .   Y - scarf {repulsion}
rCorr   +          Rampage  .   (gloves unavailable)
Will    +....                   (boots unavailable)
Stlth   ++........              y - amulet of regeneration
HPRegen 1.03/turn               u - ring of poison resistance
MPRegen 0.20/turn               C - ring of the Octopus King {rCorr HP+2 AC+2 EV+2 SH+2}

@: confused, weak-willed, ambrosia-drunk, repel missiles, very quick
A: very small, no large weapons, unfitting armour, see invisible, speed 3
a: Renounce Religion, Potion Petition, Call Merchant, Bribe Branch


You were on level 1 of the Orcish Mines.
You worshipped Gozag.
Gozag was greatly pleased with you.
You visited 4 branches of the dungeon, and saw 23 of its levels.
You also visited: Volcano.

You collected 5600 gold pieces.
You paid 182 gold pieces to Gozag.

Inventory:

Hand Weapons
 a - a +9 shortbow of freezing (weapon)
 w - a +2 short sword of electrocution
 Q - a +3 shortbow
Missiles
 g - 15 curare-tipped darts
Armour
 d - the +2 ratskin cloak {*Rats rPois rN+ Str-1 Int-1 Dex+1}
   (You acquired it on level 7 of the Dungeon)

   When the wearer is hurt, rats may emerge from it to assist them.
   Str:       It affects your strength (-1).
   Int:       It affects your intelligence (-1).
   Dex:       It affects your dexterity (+1).
   rPois:     It protects you from poison.
   rN:        It protects you from negative energy.
 s - the +3 hat of Pondering (worn) {ponderous, Will+ MP+10 Int+5}
   (You found it on level 4 of the Dungeon)

   Int:       It affects your intelligence (+5).
   MP:        It affects your magic capacity (+10).
   Will:      It increases your willpower.
 E - a +0 robe of positive energy
 K - a +1 cloak of willpower
 M - a +1 robe of cold resistance (worn)
 Y - a scarf of repulsion (worn)
Jewellery
 h - a ring of positive energy
 u - a ring of poison resistance (left hand)
 y - an amulet of regeneration (around neck)
 C - a ring of the Octopus King (right hand) {rCorr HP+2 AC+2 EV+2 SH+2}
   (You found it on level 6 of the Lair of Beasts)

   [ring of resist corrosion]

   AC:        It affects your AC (+2).
   EV:        It affects your evasion (+2).
   HP:        It affects your health (+2).
   rCorr:     It protects you from acid and corrosion.
   SH:        It affects your SH (+2).
 D - a ring of ice
 S - a ring of protection from cold
 U - a ring of fire
 Z - a ring of protection from cold
Wands
 b - a wand of flame (23)
 t - a wand of quicksilver (1)
 z - a wand of iceblast (21)
 I - a wand of paralysis (12)
 W - a wand of polymorph (4)
Scrolls
 c - 3 scrolls of immolation
 f - 2 scrolls of brand weapon
 q - 2 scrolls of silence
 r - 4 scrolls of poison
 v - 5 scrolls of vulnerability
 x - 3 scrolls of teleportation
 G - 5 scrolls of identify
 H - a scroll of summoning
 J - 2 scrolls of fear
 O - a scroll of fog
 P - a scroll of enchant weapon
 R - a scroll of blinking
Potions
 i - 3 potions of invisibility {unknown}
 k - a potion of berserk rage
 l - 2 potions of cancellation
 m - 6 potions of haste
 n - 6 potions of curing
 o - 2 potions of mutation
 A - 2 potions of resistance
 B - 4 potions of ambrosia
 F - 4 potions of lignification
Miscellaneous
 e - a piece from Xom's chessboard (15/15)


   Skills:
 * Level 10.7 Fighting
 - Level 16.0 Bows
 - Level 6.0 Throwing
 - Level 20.1 Dodging
 - Level 12.0 Stealth
 + Level 11.4 Evocations


You had 4 spell levels left.
You knew the following spells:

 Your Spells              Type           Power      Damage    Failure   Level
a - Blink                 Tloc           0%         N/A       38%         2
b - Swiftness             Air            0%         N/A       63%         3
c - Manifold Assault      Tloc           0%         N/A       100%        5

Your spell library contained the following spells:

 Spells                   Type           Power      Damage    Failure   Level
 Shock                    Conj/Air       0%         1d3       26%         1
 Summon Small Mammal      Summ           0%         N/A       26%         1
 Poisonous Vapours        Pois/Air       0%         N/A       38%         2
 Sublimation of Blood     Necr           0%         N/A       38%         2
 Wereblood                Tmut           0%         N/A       38%         2
 Call Canine Familiar     Summ           0%         N/A       63%         3
 Summon Guardian Golem    Hex/Summ       0%         N/A       63%         3
 Airstrike                Air            0%         N/A       95%         4
 Passage of Golubria      Tloc           0%         N/A       95%         4
 Silence                  Hex/Air        0%         N/A       100%        5
 Storm Form               Tmut/Air       0%         N/A       100%        7
 Summon Hydra             Summ           0%         N/A       100%        7
 Lehudib's Crystal Spear  Conj/Erth      0%         10d2      100%        8
 Corpse Rot               Necr/Pois/Air  Unusable   N/A       N/A         4

Dungeon Overview and Level Annotations

Branches:
Dungeon (14/15)            Temple (1/1) D:6            Lair (6/6) D:10
 Shoals (0/4) Lair:3        Snake (0/4) Lair:4        Slime (0/5) Lair:5
    Orc (2/2) D:12        Volcano (visited)
    Elf: Orc:2       Vaults: D:13-14

Altars:
Ashenzari
Cheibriados
Dithmenos
Elyvilon
Fedhas
Gozag
Hepliaklqana
Kikubaaqudgha
Makhleb
Nemelex Xobeh
Okawaru
Qazlal
Ru
Sif Muna
Trog
Uskayaw
Vehumet
Wu Jian
Yredelemnul
Zin
The Shining One
Jiyva

Shops:
D:5 [   D:7 (   D:10 *

Portals:
Abyss: D:4

Annotations:
D:4 2 transporters
D:9 1 exclusion
D:11 2 transporters, LetschGu's ghost, journeyman DjWr
D:12 2 runed translucent doors, gabibbone's ghost, journeyman HOFi
Orc:1 Saint Roka


Innate Abilities, Weirdness & Mutations

You are very small and have problems with some larger weapons.
You are too small for most types of armour.
You have supernaturally acute eyesight. (SInv)
You cover ground extremely quickly. (Speed+++)


Message History

Saint Roka stares at you.
You feel your power leaking away. Saint Roka completely misses you.
Saint Roka misses you.
Saint Roka stings you but does no damage.
Shoot: a) +9 shortbow (freeze)
Press: ? - help, Q - select action, (/) - cycle Shift-Dir - straight line, f/p - Saint Roka
Aim: Saint Roka the ghost moth (severely wounded, slightly transparent, 78% to hit)
You shoot an arrow. The arrow barely misses Saint Roka.
Saint Roka closely misses you. x2; Saint Roka completely misses you.
Shoot: a) +9 shortbow (freeze)
Press: ? - help, Q - select action, (/) - cycle Shift-Dir - straight line, f/p - Saint Roka
Aim: Saint Roka the ghost moth (severely wounded, slightly transparent, 78% to hit)
You shoot an arrow. The arrow hits Saint Roka!
The arrow freezes Saint Roka.
Saint Roka is almost dead.
Shoot: a) +9 shortbow (freeze)
Press: ? - help, Q - select action, (/) - cycle Shift-Dir - straight line, f/p - Saint Roka
Aim: Saint Roka the ghost moth (almost dead, slightly transparent, 78% to hit)
You shoot an arrow. The arrow barely misses Saint Roka.
Saint Roka hits you! x2
* * * LOW HITPOINT WARNING * * *
Saint Roka stings you!
* * * LOW HITPOINT WARNING * * *
You are confused.
You feel invigorated. Saint Roka completely misses you. Saint Roka misses you.
Saint Roka completely misses you. Saint Roka stares at you.
You feel your power leaking away. Saint Roka completely misses you. x3
Saint Roka stares at you.
You feel your power leaking away.
You clumsily bash Saint Roka but do no damage.
Saint Roka is severely wounded.
Saint Roka hits you!
* * * LOW HITPOINT WARNING * * *
Saint Roka misses you. x2; Saint Roka completely misses you.
Saint Roka hits you!
* * * LOW HITPOINT WARNING * * *
Saint Roka stings you!
You die...
Your body crumbles into a pile of gold.

##.......................#
#.......................##
##......................##
#................#......#
#................##....###
##............#...##.###.##
##.#.#..........[.#.#..#...#
#................#........##
##........$y@.......#..#.##
##.........>.............##
#..........)[........#....#
#..........##.........#...#
##.#.###..####..###..###.##
##### #### #### #### ###


You could see Saint Roka the ghost moth (invisible).

Vanquished Creatures
  Snorg (D:11)
  Fannar (D:11)
  3 boulder beetles
  4 hydras
  3 two-headed ogres
  A catoblepas (Lair:6)
  A centaur warrior (D:13)
  7 death yaks
  A deep troll shaman (Lair:6)
  2 tengu warriors (D:13)
  Sonja (D:11)
  A hell knight (Volcano)
  Lodul (D:11)
  Pikel (D:7)
  A wizard (D:14)
  2 orc knights (Orc:1)
  2 lindwurms (Lair:6)
  An oklob plant (Lair:4)
  5 ugly things
  4 orc sorcerers (Orc:2)
  2 cyclopes
  2 manticores
  Maurice (D:9)
  A salamander (shapeshifter) (D:13)
  5 elephants
  4 black mambas
  8 cane toads
  2 molten gargoyles (Volcano)
  2 gargoyles
  5 rime drakes
  8 torpor snails
  An efreet (D:13)
  2 kobold demonologists (D:13)
  An unseen horror (D:13)
  13 komodo dragons
  2 red devils (Volcano)
  7 trolls
  3 meliai (D:13)
  9 slime creatures (D:12)
  A polar bear (Lair:6)
  21 dream sheep
  8 blink frogs (Lair:2)
  3 shadows (D:12)
  2 culicivoras (shapeshifter) (D:13)
  3 wraiths
  4 wyverns
  2 fire bats (Volcano)
  49 yaks
  5 basilisks
  A vampire (D:12)
  7 vampire mosquitoes
  3 steam dragons
  2 nagas (Lair:4)
  A warg (Orc:2)
  19 water moccasins
  An acid dragon (D:8)
  Duvessa (D:5)
  A hell hound (Volcano)
  A swamp drake (D:10)
  2 ice beasts (D:6)
  9 orc warriors
  2 black bears
  10 ogres
  34 wolves
  10 centaurs
  2 phantoms
  5 kobold brigands
  4 necrophages
  5 scorpions
  13 bullfrogs
  8 wights
  Dowan (D:5)
  4 troll zombies (D:12)
  8 killer bees
  6 lava snakes (Volcano)
  A bullfrog zombie (D:5)
  A jelly (D:6)
  6 orc priests
  A gnoll shaman (D:3)
  4 iguanas
  8 orc wizards
  7 hell rats (Lair:6)
  4 ogre zombies (D:12)
  3 howler monkey zombies (D:5)
  6 adders
  6 gnolls
  A shadow imp (D:5)
  A white imp (D:6)
  2 ufetubi (D:4)
  A worm (D:4)
  2 dart slugs
  49 orcs
  8 ball pythons
  3 bats
  7 endoplasms
  10 goblins
  4 hobgoblins
  2 jackals (D:3)
  2 quokkas
  6 frilled lizards
  2 goblin skeletons (D:12)
  6 goblin zombies (D:12)
  2 hobgoblin skeletons (D:12)
  2 hobgoblin zombies (D:12)
  16 kobolds
  2 orc skeletons (D:12)
  11 orc zombies (D:12)
  4 rats
  A butterfly (Lair:6)
570 creatures vanquished.

Vanquished Creatures (collateral kills)
  A centaur warrior (D:12)
  A sun demon (Volcano)
2 creatures vanquished.

Vanquished Creatures (others)
  A human (D:9)
  An orc (Orc:2)
  3 bushes (D:5)
  9 fungi
  25 plants
39 creatures vanquished.

Grand Total: 611 creatures vanquished

Notes
Turn   | Place    | Note
-------+----------+-------------------------------------------
     0 | D:1      | PentaManta the Spriggan Hunter began the quest for the Orb.
     0 | D:1      | Reached XP level 1. HP: 10/10 MP: 2/2
   121 | D:1      | Reached skill level 5 in Bows
   190 | D:1      | Reached XP level 2. HP: 14/14 MP: 3/3
   337 | D:1      | Found a faded altar of an unknown god.
   512 | D:1      | Reached XP level 3. HP: 15/18 MP: 4/4
  1227 | D:2      | Identified the +8 mace "Utitoin" {flame, rF- Str+8 Dex+5}
  1574 | D:2      | Reached XP level 4. HP: 22/22 MP: 5/5
  2027 | D:3      | Reached XP level 5. HP: 25/25 MP: 6/6
  2327 | D:4      | Found a transporter.
  2330 | D:4      | Found a transporter.
  2359 | D:4      | Noticed a small abomination
  2363 | D:4      | Identified the +1 ring mail of Perfidy {rN+}
  2366 | D:4      | Found a one-way gate to the infinite horrors of the Abyss.
  2390 | D:4      | Noticed a phantom
  2397 | D:4      | Killed a phantom
  2398 | D:4      | Reached XP level 6. HP: 30/30 MP: 7/7
  2402 | D:4      | Found the +3 hat of Pondering {ponderous, Will+ MP+10
                  | Int+5}
  3054 | D:5      | Entered Level 5 of the Dungeon
  3103 | D:5      | Reached skill level 10 in Bows
  3103 | D:5      | Reached XP level 7. HP: 33/33 MP: 8/8
  3339 | D:5      | Noticed Duvessa
  3341 | D:5      | Noticed Dowan
  3392 | D:5      | Killed Duvessa
  3401 | D:5      | Killed Dowan
  3802 | D:5      | Found a blossoming altar of Fedhas.
  4083 | D:5      | Found Lith's Armour Emporium.
  4271 | D:5      | Reached XP level 8. HP: 34/37 MP: 9/9
  4946 | D:6      | Found a staircase to the Ecumenical Temple.
  5101 | Temple   | Entered the Ecumenical Temple
  5372 | D:6      | Reached skill level 3 in Dodging
  5406 | D:6      | Reached skill level 4 in Dodging
  5417 | D:6      | Reached XP level 9. HP: 41/41 MP: 10/10
  6029 | D:8      | Reached skill level 5 in Dodging
  6094 | D:7      | Identified a scroll of acquirement
  6094 | D:7      | Acquired the +2 ratskin cloak {*Rats rPois rN+ Str-1 Int-1
                  | Dex+1}
  6094 | D:7      | Found the +2 ratskin cloak {*Rats rPois rN+ Str-1 Int-1
                  | Dex+1}
  6332 | D:8      | Reached skill level 6 in Dodging
  6458 | D:7      | Reached skill level 7 in Dodging
  6464 | D:7      | Found an opulent altar of Gozag.
  6804 | D:7      | Reached skill level 8 in Dodging
  6834 | D:7      | Found Pinworing's Antique Weapon Shop.
  6977 | D:7      | Noticed Pikel
  6985 | D:7      | Killed Pikel
  6986 | D:7      | Reached skill level 15 in Bows
  6986 | D:7      | Reached skill level 9 in Dodging
  7105 | D:7      | Became a worshipper of Gozag Ym Sagoz the Greedy
  7623 | D:8      | Noticed a two-headed ogre
  7629 | D:8      | Killed a two-headed ogre
  7630 | D:8      | Reached skill level 10 in Dodging
  7630 | D:8      | Reached XP level 10. HP: 46/46 MP: 11/11
  7961 | D:9      | Noticed Maurice
  7963 | D:9      | Noticed a two-headed ogre
  7970 | D:9      | Killed Maurice
  7971 | D:9      | Reached skill level 11 in Dodging
  7987 | D:9      | Killed a two-headed ogre
  8138 | D:9      | Found a broken altar of Ashenzari.
  8293 | D:9      | Reached skill level 12 in Dodging
  8502 | D:9      | Found an ancient bone altar of Kikubaaqudgha.
  8739 | D:10     | Entered Level 10 of the Dungeon
  8838 | D:10     | Reached skill level 13 in Dodging
  8854 | D:10     | Found Usyli's General Store.
  9251 | D:10     | Reached skill level 1 in Throwing
  9251 | D:10     | Reached skill level 14 in Dodging
  9279 | D:10     | Reached XP level 11. HP: 49/49 MP: 12/12
  9342 | D:10     | Found a staircase to the Lair.
  9742 | D:11     | Noticed Snorg
  9753 | D:11     | Killed Snorg
  9788 | D:11     | Noticed Fannar
  9797 | D:11     | Killed Fannar
  9798 | D:11     | Reached skill level 15 in Dodging
  9832 | D:11     | You fall into a shaft and drop 3 floors!
  9894 | D:13     | Noticed a boulder beetle
  9906 | D:13     | Killed a boulder beetle
  9908 | D:13     | Noticed a centaur warrior
  9919 | D:13     | Killed a centaur warrior
 10029 | D:13     | Noticed a purple ugly thing
 10041 | D:13     | Killed a purple ugly thing
 10042 | D:13     | Reached skill level 16 in Dodging
 10140 | D:13     | Reached skill level 5 in Throwing
 10236 | D:13     | Reached skill level 17 in Dodging
 10381 | D:13     | Reached XP level 12. HP: 33/53 MP: 13/13
 10693 | D:11     | Noticed a two-headed ogre
 10700 | D:11     | Noticed a two-headed ogre
 10700 | D:11     | Noticed a two-headed ogre
 10702 | D:11     | Noticed LetschGu's ghost (journeyman DjWr)
 10722 | D:11     | Found a transporter.
 10728 | D:11     | Found a bloodstained altar of Trog.
 10742 | D:11     | Found a transporter.
 10823 | D:11     | Noticed Sonja
 10828 | D:11     | Killed Sonja
 10829 | D:11     | Reached skill level 18 in Dodging
 11081 | D:11     | Noticed Lodul
 11111 | D:11     | Killed Lodul
 11112 | D:11     | Reached skill level 19 in Dodging
 11306 | D:12     | Found a runed translucent door.
 11312 | D:12     | Noticed a deep elf high priest
 11315 | D:12     | Noticed a fire giant
 11319 | D:12     | Noticed gabibbone's ghost (journeyman HOFi)
 11319 | D:12     | Noticed a lich
 11322 | D:12     | Found a runed translucent door.
 11379 | D:12     | Noticed a two-headed ogre
 11380 | D:12     | Noticed a centaur warrior
 11385 | D:12     | Killed a two-headed ogre
 11395 | D:12     | Killed a centaur warrior
 11396 | D:12     | Reached skill level 20 in Dodging
 11491 | D:12     | Reached skill level 1 in Evocations
 11617 | D:12     | Found a staircase to the Orcish Mines.
 12172 | D:13     | Noticed a boulder beetle
 12194 | D:13     | Killed a boulder beetle
 12195 | D:13     | Reached XP level 13. HP: 61/61 MP: 14/14
 12265 | D:13     | Reached skill level 5 in Stealth
 13040 | Lair:1   | Entered Level 1 of the Lair of Beasts
 13073 | Lair:1   | Reached skill level 5 in Evocations
 13116 | Lair:1   | Reached skill level 5 in Fighting
 14022 | Lair:2   | Found a dark tunnel.
 14031 | Volcano  | Entered a volcano
 14391 | Volcano  | Found a burning altar of Makhleb.
 14643 | Volcano  | Found the +3 pair of mountain boots {steadfast, rC+}
 16069 | Lair:3   | Reached XP level 14. HP: 63/72 MP: 15/15
 16153 | Lair:3   | Found a staircase to the Shoals.
 16590 | Lair:4   | Reached skill level 10 in Stealth
 16602 | Lair:4   | Found a staircase to the Snake Pit.
 17697 | Lair:5   | Found a viscous altar of Jiyva.
 17697 | Lair:5   | Found a staircase to the Slime Pits.
 17821 | Lair:6   | Entered Level 6 of the Lair of Beasts
 17839 | Lair:6   | Learned a level 2 spell: Blink
 17843 | Lair:6   | Learned a level 3 spell: Swiftness
 17849 | Lair:6   | Learned a level 5 spell: Manifold Assault
 18328 | Lair:6   | Reached skill level 10 in Evocations
 18692 | Lair:6   | Found a snail-covered altar of Cheibriados.
 18778 | Lair:6   | Reached skill level 10 in Fighting
 18993 | Lair:6   | Found the ring of the Octopus King
 19030 | Lair:6   | Identified a ring of the Octopus King {rCorr HP+2 AC+2 EV+2
                  | SH+2}
 19368 | Orc:1    | Entered Level 1 of the Orcish Mines
 19632 | Orc:2    | Entered Level 2 of the Orcish Mines
 19671 | Orc:2    | Noticed Saint Roka
 19736 | Orc:2    | Reached XP level 15. HP: 72/81 MP: 16/16
 20031 | Orc:1    | Noticed Saint Roka
 20031 | Orc:1    | Saint Roka changed into Saint Roka the fire giant
 20040 | Orc:1    | Noticed Saint Roka
 20040 | Orc:1    | Saint Roka the fire giant changed into Saint Roka the ghost
                  | moth
 20055 | Orc:1    | HP: 1/83 [Saint Roka the ghost moth (7)]
 20055 | Orc:1    | Mangled by Saint Roka the ghost moth

Illustrated notes

Levels and vault maps discovered:
D:1:      dpeg_arrival_water_fire, layout_basic, nicolae_ecumenical_lake_church,
          wander_ebering_terrifying_dragon_lair
D:2:      layout_basic, small_statue_intersection, kennysheep_another_room,
          hangedman_decor_riveting
D:3:      layout_basic, amethyst_killhole, nicolae_grassy_gnolls
D:4:      layout_basic, gammafunk_ghost_abyssal_escape, minmay_crystal_water
D:5:      layout_gridville, fedhas_altar_decomposition, serial_shops,
          nicolae_shop_waterfront, uniq_duvessa
D:6:      layout_rooms, temple_hall
D:7:      layout_basic, nicolae_gozag_cash_rules_everything_around_me,
          serial_shops, kennysheep_little_box, uniq_pikel
D:8:      layout_gridville
D:9:      layout_basic, tgw_xom, kennysheep_mini, tgw_kikubaaqudgha,
          uniq_maurice
D:10:     layout_loops_ring, erik_lair_dragon, serial_shops,
          nicolae_stop_n_shop_1
D:11:     layout_roguey, gammafunk_ghost_wrathful_warriors,
          amcnicky_mini_corridor_feature, hangedman_corner_corridor, uniq_sonja,
          uniq_lodul, uniq_fannar, uniq_snorg
D:12:     layout_basic, zombieorc2_lemuel, muffindrake_ghost_dual_entry,
          minivault_24
D:13:     layout_basic, nrook_campfire
D:14:     layout_roguey, david_vaults_2, wad_floor_pattern_1
Temple:   minmay_temple_bridge_d
Lair:1:   layout_hall_layers
Lair:2:   layout_cave_pods, lightli_volcano_entry_magma_tube
Lair:3:   layout_cave_pods, shoals_dummy_entry
Lair:4:   layout_gridlike, guppyfry_snake_entry_island, serial_bayou_shore_b
Lair:5:   layout_cave_shapes, slime_entry_1, minmay_holes
Lair:6:   grunt_lair_end_beastmaster, layout_regular_city,
          kennysheep_snail_temple, lemuel_fruit_fields
Orc:1:    layout_caves, basic_altar
Orc:2:    kennysheep_orc_mage_school, layout_diamond_mine, serial_shops, shop,
          nicolae_orc_flooded_monolith, uniq_saint_roka

Skill      XL: |  1  2  3  4  5  6  7  8  9 10 11 12 13 14 |
---------------+-------------------------------------------+-----
Bows           | 5 6 7 8 10 12 14 15 16 | 16.0
Dodging        | 4 10 14 17 20 | 20.1
Throwing       | 1 5 6 |  6.0
Stealth        | 4 9 12 | 12.0
Fighting       | 3 7 10 | 10.7
Evocations     | 3 8 11 | 11.4

Action                   |  1- 3 |  4- 6 |  7- 9 | 10-12 | 13-15 || total
-------------------------+-------+-------+-------+-------+-------++-------
Melee: Shortbow          |       |       |       |       |     1 ||     1
 Fire: Shortbow          |    79 |   113 |   395 |   576 |  1039 ||  2202
Throw: Dart              |       |       |     1 |     4 |       ||     5
Evoke: Wand              |       |       |       |       |     3 ||     3
  Use: Potion            |       |       |     3 |     1 |     4 ||     8
       Scroll            |       |       |    17 |    13 |     7 ||    37
Armor: Robe              |     2 |       |    24 |     6 |    12 ||    44
Dodge: Dodged            |    18 |    14 |   106 |   131 |   317 ||   586
       Repelled          |       |       |       |       |     1 ||     1
Block: Other             |       |       |       |       |     3 ||     3

Table legend: (Time is in decaauts)
 A = Elapsed time spent in this place.
 B = Non-inter-level travel time spent in this place.
 C = Inter-level travel time spent in this place.
 D = Time resting spent in this place.
 E = Time spent auto-exploring this place.
 F = Levels seen in this place.
 G = Mean time per level.
                   A        B        C        D        E       F      G
               +--------+--------+--------+--------+--------+-----+--------+
         Total |  14934 |  13921 |   1013 |    921 |   9771 |  24 |  622.2 |
       Dungeon |   9707 |   8956 |    751 |    741 |   6333 |  14 |  693.4 |
        Temple |    163 |    158 |      5 |      0 |    148 |   1 |  163.0 |
          Lair |   3969 |   3770 |    199 |     11 |   2882 |   6 |  661.5 |
  Orcish Mines |    557 |    500 |     57 |    150 |    150 |   2 |  278.5 |
       Volcano |    537 |    537 |      0 |     19 |    256 |   1 |  537.0 |
               +--------+--------+--------+--------+--------+-----+--------+

Top non-repeatable levels by time:
     D:5: 1200 daAuts
  Lair:6: 993 daAuts
    D:13: 915 daAuts
     D:7: 906 daAuts
     D:6: 878 daAuts
    D:10: 780 daAuts
     D:1: 761 daAuts
    D:12: 753 daAuts
     D:8: 728 daAuts
  Lair:2: 692 daAuts
     D:4: 665 daAuts
  Lair:1: 645 daAuts
     D:9: 640 daAuts
  Lair:3: 639 daAuts
    D:11: 636 daAuts
